 Dungeon Crawl Stone Soup version 0.19.1-1-g22dce08 (webtiles) character file.

2341 Gargoyl the Covered (level 9, -12/74 HPs)
             Began as a Ghoul Abyssal Knight on Jan 10, 2017.
             Was a Priest of Lugonu.
             Mangled by an ogre
             ... wielding a +0 giant spiked club
              (18 damage)
             ... on level 7 of the Dungeon.
             The game lasted 00:15:27 (6080 turns).

Gargoyl the Covered (Ghoul Abyssal Knight)          Turns: 6080, Time: 00:15:27

Health: -12/74     AC: 19    Str: 17    XL:     9   Next: 43%
Magic:  11/12      EV:  6    Int:  7    God:    Lugonu [***...]
Gold:   360        SH:  0    Dex: 10    Spells: 0 memorised, 8 levels left

rFire  + . .     SeeInvis .     a - +1 hand axe
rCold  + . .     Gourm    .     g - +1 plate armour
rNeg   + + +     Faith    .     (no shield)
rPois  ∞         Spirit   .     s - +0 helmet
rElec  .         Reflect  .     j - +0 cloak (curse)
rCorr  +         Harm     .     m - +0 pair of gloves
MR     .....                    v - +0 pair of boots
Stlth  ..........               (no amulet)
                                q - ring of resist corrosion
                                d - ring of protection from fire

@: rotting, slowed, very slow
A: rotting body, claws 1, carnivore 3, cold resistance 1, negative energy
resistance 3, slow regeneration 1, torment resistance, unbreathing
a: Depart the Abyss, Bend Space, Banish, Renounce Religion


You were on level 7 of the Dungeon.
You worshipped Lugonu.
Lugonu was most pleased with you.
You were not hungry.

You visited 1 branch of the dungeon, and saw 7 of its levels.
You visited the Abyss 1 time.

You collected 360 gold pieces.

Inventory:

Hand Weapons
 a - a +1 hand axe (weapon)
Armour
 g - a +1 plate armour (worn)
 j - a cursed +0 cloak (worn)
 m - a +0 pair of gloves (worn)
 s - a +0 helmet (worn)
 v - a +0 pair of boots (worn)
Jewellery
 b - an uncursed ring of protection from cold
 d - a ring of protection from fire (left hand)
 q - a ring of resist corrosion (right hand)
Scrolls
 e - 4 scrolls of identify
 f - a scroll of blinking
 i - a scroll of amnesia
 o - a scroll of recharging
 u - a scroll of fear {unknown}
Potions
 n - a potion of resistance {unknown}
 p - 2 potions of flight {unknown}
Comestibles
 c - 3 meat rations
 h - 3 slices of pizza
 k - 3 beef jerkies
 l - 5 chunks of flesh


   Skills:
 + Level 5.4 Fighting
 + Level 6.7 Axes
 * Level 7.2 Armour
 + Level 1.3 Dodging
 * Level 5.7 Invocations


You had 8 spell levels left.
You didn't know any spells.

Dungeon Overview and Level Annotations

Branches:
Dungeon (7/15)
 Temple: D:4-7

Altars:
Ashenzari

Annotations:
D:4 droidenko's ghost, amateur MiFi


Innate Abilities, Weirdness & Mutations

Your body is rotting away.
You thrive on raw meat.
You are immune to poison.
You have sharp fingernails.
You are carnivorous and can eat meat at any time.
Your flesh is cold resistant. (rC+)
You are immune to negative energy. (rN+++)
You regenerate slowly when monsters are visible.
You are immune to unholy pain and torment.
You can survive without breathing.


Message History

The orc priest mumbles some strange prayers to Beogh against you.
Beogh smites you!
* * * LOW HITPOINT WARNING * * *
The orc priest hits you but does no damage.
You feel much better.
The ogre hits you with a giant spiked club!
* * * LOW HITPOINT WARNING * * *
The orc wizard hits you but does no damage.
The orc priest hits you but does no damage.
The orc wizard gestures at you while chanting.
The magic dart hits you!
The ogre hits you with a giant spiked club!
* * * LOW HITPOINT WARNING * * *
Space bends sharply around you!
The orc priest blinks!
You blink.
* * * LOW HITPOINT WARNING * * *
The orc priest hits you but does no damage.
Unknown command.
You feel better.
The ogre hits you with a giant spiked club!!
You die...

...##.....##........###
......#......#......##
...................##
....!.............## #
........).........# .
..................####
.......)...............
.......oO..............
.......@................
.......o..........[.....
............/...........
........................
.......................
...........<..........
...............
...............


You could see an ogre, an orc priest and an orc wizard.

Vanquished Creatures
  The ghost of cba the Sneak, a novice OpVM of Vehumet (D:6)
  The ghost of fatfloppyjuicyveiny the Conjurer, a novice OpWz (D:5)
  Eustachio (D:5)
  Edmund (D:5)
  A black bear (D:7)
  3 ogres
  A bullfrog (D:6)
  3 scorpions
  A howler monkey (D:4)
  2 orc priests
  A hound (D:4)
  A jelly (D:6)
  Crazy Yiuf (D:6)
  A bullfrog skeleton (D:6)
  An iguana (D:5)
  2 orc wizards
  Natasha (thrice) (D:3)
  6 worker ants
  Terence (D:3)
  A hound skeleton (D:5)
  Robin (D:2)
  5 adders
  2 shadow imps
  An ooze (D:2)
  An adder zombie (D:6)
  2 worms
  2 dart slugs
  4 leopard geckos
  12 orcs
  4 giant cockroaches
  18 goblins
  7 hobgoblins
  10 jackals
  17 kobolds
  3 quokkas
  5 bats
  6 frilled lizards
  A quokka skeleton (D:5)
  8 rats
142 creatures vanquished.

Vanquished Creatures (others)
  A troll (D:6)
  A quasit (D:6)
  A plant (D:1)
3 creatures vanquished.

Grand Total: 145 creatures vanquished

Notes
Turn   | Place    | Note
-------+----------+-------------------------------------------
     0 | Abyss:1  | Gargoyl the Ghoul Abyssal Knight began the quest for the Orb.
     0 | Abyss:1  | Reached XP level 1. HP: 19/19 MP: 1/1
    26 | Abyss:1  | Noticed a chaos spawn
    29 | Abyss:1  | Noticed a large abomination
    39 | D:1      | Escaped the Abyss
    75 | D:1      | Reached skill level 2 in Armour
    94 | D:1      | Reached XP level 2. HP: 13/26 MP: 2/2
   182 | D:1      | Reached * piety under Lugonu
   352 | D:1      | Reached skill level 1 in Dodging
   352 | D:1      | Reached XP level 3. HP: 28/31 MP: 3/3
   964 | D:2      | Reached XP level 4. HP: 40/40 MP: 4/4
   997 | D:2      | Reached ** piety under Lugonu
  1265 | D:3      | Noticed Robin
  1407 | D:2      | Killed Robin
  1683 | D:3      | Noticed Terence
  1719 | D:3      | Killed Terence
  1719 | D:3      | Reached XP level 5. HP: 27/45 MP: 6/6
  1793 | D:3      | Noticed Natasha
  1855 | D:3      | Killed Natasha
  1855 | D:3      | Reached skill level 3 in Armour
  1996 | D:3      | Noticed Natasha
  2003 | D:3      | Killed Natasha
  2036 | D:3      | Noticed Natasha
  2054 | D:3      | Killed Natasha
  2212 | D:4      | Reached XP level 6. HP: 49/52 MP: 7/7
  2849 | D:4      | Noticed droidenko's ghost (amateur MiFi)
  2866 | D:4      | Reached skill level 4 in Armour
  3080 | D:5      | Entered Level 5 of the Dungeon
  3256 | D:5      | Reached XP level 7. HP: 51/57 MP: 8/8
  3322 | D:5      | Noticed Edmund
  3360 | D:5      | Killed Edmund
  3383 | D:5      | Noticed Eustachio
  3470 | D:5      | Killed Eustachio
  3470 | D:5      | Reached skill level 5 in Armour
  3499 | D:5      | Noticed fatfloppyjuicyveiny's ghost (novice OpWz)
  3586 | D:5      | Killed fatfloppyjuicyveiny's ghost
  3586 | D:5      | Reached skill level 5 in Axes
  3586 | D:5      | Reached XP level 8. HP: 27/67 MP: 8/10
  3681 | D:5      | Reached *** piety under Lugonu
  3968 | D:4      | HP: 2/67 [droidenko's ghost (9)]
  4917 | D:6      | Noticed cba's ghost (novice OpVM)
  4982 | D:6      | Killed cba's ghost
  4982 | D:6      | Reached skill level 5 in Fighting
  4982 | D:6      | Reached skill level 6 in Armour
  4982 | D:6      | Reached skill level 5 in Invocations
  4982 | D:6      | Reached XP level 9. HP: 47/74 MP: 11/11
  5348 | D:6      | Found a shattered altar of Ashenzari.
  5398 | D:6      | Noticed a troll
  5413 | D:6      | Banished a troll
  5692 | D:6      | Found a runed door.
  5696 | D:6      | Noticed Crazy Yiuf
  5707 | D:6      | Killed Crazy Yiuf
  5781 | D:6      | Reached skill level 7 in Armour
  6079 | D:7      | HP: 1/74 [spatial distortion (4)]
  6080 | D:7      | Mangled by an ogre

Skill      XL: |  1  2  3  4  5  6  7  8  9 |
---------------+----------------------------+-----
Armour         | 2 3 4 5 6 7 |  7.2
Dodging        | 1 |  1.3
Axes           | 2 3 5 6 |  6.7
Fighting       | 4 5 |  5.4
Invocations    | 3 4 5 |  5.7

Action                   |  1- 3 |  4- 6 |  7- 9 || total
-------------------------+-------+-------+-------++-------
Melee: Hand axe          |   110 |   241 |   512 ||   863
Invok: Depart the Abyss  |     1 |       |       ||     1
       Bend Space        |       |       |     1 ||     1
       Banish            |       |       |     1 ||     1
  Use: Scroll            |       |     7 |     5 ||    12
       Potion            |       |     7 |     3 ||    10
  Eat: Chunk             |    26 |    33 |    41 ||   100
       Meat ration       |     1 |       |       ||     1
Armor: Leather armour    |    31 |     9 |       ||    40
       Ring mail         |       |    44 |       ||    44
       Chain mail        |       |    56 |       ||    56
       Plate armour      |       |    40 |   451 ||   491
Dodge: Dodged            |    90 |   135 |   150 ||   375
